cohdb
Replays
Latest Replays
All Replays
Popular Replays
Top Player Replays
Match Explorer
How It Works
Community
CoH3 Stats
Reddit
Sign in to upload your games and track your stats! →
Sign in with Steam
Match 42907888
Unlisted
Match 42907888
Overview
Messages
Build Orders
End
Selects Armored Battlegroup
Selects Assault Engineers
Construct Weapon Support Center
Assault Engineer Squad
M1919 Machine Gun Team
Assault Engineer Squad
Bazooka Squad
M1919 Machine Gun Team
Mechanized Support Center
Selects Fast Deploy
M3 Armored Personnel Carrier
Assault Engineer Squad
Construct Tank Depot
Bazooka Squad
Selects Seek and Destroy
Selects UNKNOWN (2160077)
Designate Forward Repair Station
M4A3E8 Sherman Easy Eight
Improvised Armor
.30 cal Machine Gun
.30 cal Machine Gun
Selects M31 Recovery Vehicle
M4A3E8 Sherman Easy Eight
.30 cal Machine Gun
Rapid Repairs
.30 cal Machine Gun
Selects War Machine
M4A3E8 Sherman Easy Eight
Designate Forward Repair Station
让你爱上学习
Santa's lap gremlin
Raiser
Морозов
Joker
Moltke1871
[B2G] Sluchis III
✠ Eurocopter Tiger ✠
0
0
Comments
sign in to comment!
No comments posted yet!